Map: Ultralove

Players

HeroMarine

  • Race: Terran Terran
  • Spawn Location: 7:00

trigger - Winner!

  • Race: Protoss Protoss
  • League: Grandmaster
  • Spawn Location: 1:00

VOD

Have the link to the VOD?

Description

Time

  • Played on: Aug. 15, 2025, 7:54 a.m.
  • Length: 6:41
Show
View Real Time Build Order
Export as new Build Order

HeroMarine Terran 

Build Orders: Cyclone Opening 

Get SALT Encoding   

  12  0:00  SCV  
  13  0:12  SCV  
  14  0:16  Supply Depot  
  14  0:25  SCV  
  15  0:38  SCV  
  15  0:39  Barracks  
  16  0:44  Refinery  
  16  0:50  SCV  
  17  1:02  SCV  
  18  1:14  SCV  
  19  1:27  Orbital Command  
  20  1:35  Command Center  
  20  1:38  Marine  
  20  1:49  Factory  
  20  1:53  SCV  
  21  1:59  Refinery  
  21  2:05  SCV  
  22  2:09  Barracks Tech Lab, Supply Depot  
  22  2:17  SCV  
  23  2:30  SCV  
  24  2:38  Cyclone  
  24  2:41  Marine  
  24  2:42  SCV  
  29  2:47  Starport  
  29  2:48  Orbital Command  
  29  2:54  SCV  
  30  3:00  Barracks Reactor  
  30  3:07  Orbital Command, SCV  
  30  3:10  Widow Mine  
  33  3:13  Barracks  
  33  3:19  SCV  
  34  3:23  Medivac  
  36  3:30  Supply Depot  
  36  3:31  SCV  
  36  3:33  SCV  
  38  3:36  Marine x2  
  42  3:43  Siege Tank, SCV  
  42  3:45  SCV, Refinery  
  45  3:53  Marine  
  45  3:54  Marine  
  45  3:55  SCV  
  48  3:56  Starport Tech Lab  
  48  3:57  SCV  
  48  3:59  Supply Depot  
  49  4:02  Supply Depot  
  49  4:03  Marine  
  49  4:07  SCV  
  49  4:09  SCV  
  52  4:15  Marine x2  
  54  4:20  Siege Tank  
  54  4:23  Banshee  
  54  4:24  SCV x2  
  62  4:27  Marine  
  63  4:33  Marine  
  63  4:36  SCV x2  
  66  4:42  Supply Depot, Bunker  
  66  4:48  SCV x2  
  68  4:54  Barracks  
  68  4:58  Engineering Bay  
  68  5:00  SCV x2  
  68  5:01  Supply Depot  
  68  5:04  Siege Tank, Marine x2  
  75  5:12  SCV x2  
  77  5:18  Marauder  
  77  5:20  Refinery  
  77  5:23  Marine x2  
  77  5:24  SCV x2  
  81  5:39  Marauder  
  81  5:41  Starport Reactor  
  81  5:42  Marine  
  86  5:45  Supply Depot  
  86  5:47  Supply Depot, Marine  
  84  5:50  Command Center  
  84  5:51  Factory Reactor  
  77  6:00  SCV x2  
  77  6:01  Marauder  
  70  6:04  Marine  
  70  6:05  Marine  
  70  6:09  Marauder  
  70  6:12  SCV  
  70  6:13  SCV  
  64  6:22  Marine x2  
  64  6:24  SCV  
  64  6:25  SCV  
Show
View Real Time Build Order
Export as new Build Order

trigger Protoss - Winner!

Build Orders: 1 Gate Expand, Phoenix Opening 

Get SALT Encoding   

  12  0:00  Probe  
  13  0:12  Probe  
  14  0:16  Pylon  
  14  0:23  Probe  
  15  0:31  Probe  
  15  0:36  Gateway  
  15  0:39  Probe  
  15  0:41  Assimilator  
  17  0:51  Probe  
  18  1:03  Probe  
  19  1:17  Nexus  
  19  1:26  Cybernetics Core  
  19  1:29  Probe  
  20  1:34  Assimilator  
  20  1:41  Probe  
  20  1:46  Pylon  
  21  1:52  Stalker  
  21  1:54  Probe  
  22  2:03  Warp Gate  
  22  2:06  Probe  
  25  2:18  Probe  
  25  2:20  Phoenix  
  25  2:22  Sentry  
  28  2:30  Probe  
  28  2:31  Shield Battery  
  28  2:32  Probe  
  30  2:39  Twilight Council  
  30  2:42  Probe, Stalker  
  31  2:44  Probe  
  34  2:54  Probe  
  34  2:57  Probe  
  36  3:03  Gateway  
  36  3:05  Phoenix  
  36  3:06  Probe  
  36  3:08  Probe  
  36  3:12  Charge  
  38  3:16  Probe  
  38  3:17  Robotics Facility  
  38  3:18  Probe  
  39  3:24  Probe  
  39  3:26  Gateway  
  40  3:30  Probe  
  42  3:35  Probe  
  42  3:37  Pylon  
  43  3:42  Probe  
  43  3:46  Gateway  
  43  3:48  Shield Battery  
  44  3:53  Stalker  
  46  3:57  Stalker  
  46  3:58  Observer  
  46  4:00  Pylon  
  48  4:03  Probe  
  50  4:12  Immortal  
  54  4:20  Zealot x2  
  57  4:31  Probe x2  
  59  4:38  Stalker  
  58  4:44  Zealot x2  
  62  4:47  Pylon  
  62  4:53  Nexus  
  62  5:02  Pylon  
  62  5:05  Probe, Observer  
  64  5:10  Stalker x2  
  68  5:14  Warp Prism  
  68  5:18  Zealot x2  
  68  5:21  Probe x2  
  73  5:35  Gateway, Forge  
  73  5:39  Gateway  
  73  5:47  Zealot x2  
  75  5:58  Stalker  
  75  5:59  Stalker  
  75  6:03  Probe x2  
  72  6:10  Probe  
  73  6:15  Probe  
  70  6:18  Zealot x2  
  70  6:19  Probe  
  70  6:22  Zealot x2  
  73  6:28  Probe  
  73  6:31  Zealot  
  71  6:33  Photon Cannon  
Tags
 
Add a new tag
Caveats
  • Supply blocks, unpowered buildings, or Contaminate may cause inaccurate times.
  • Supply counts are checked every 10 seconds.